 Dungeon Crawl Stone Soup version 0.29-a0-322-g68df515428 (webtiles) character file.

Game seed: 13737412896702950530

147 oblizorion1 the Skirmisher (level 5, -4/55 HPs)
             Began as an Ogre Berserker on Apr 8, 2022.
             Was a Believer of Trog.
             Succumbed to a scorpion's poison
             ... on level 3 of the Dungeon.
             The game lasted 00:09:16 (2553 turns).

oblizorion1 the Skirmisher (Ogre Berserker)         Turns: 2553, Time: 00:09:17

Health: -4/55      AC:  3    Str: 21    XL:     5   Next: 29%
Magic:  5/5        EV: 10    Int:  8    God:    Trog [**....]
Gold:   127        SH:  0    Dex: 10    Spells: 4/4 levels left

rFire   x . .      SeeInvis .   a - +0 spear
rCold   + . .      Faith    .   (no shield)
rNeg    . . .      Spirit   .   b - +0 animal skin
rPois   .          Reflect  .   (helmet restricted)
rElec   .          Harm     .   (no cloak)
rCorr   .          Rampage  .   (gloves unavailable)
Will    .....                   (boots unavailable)
Stlth   +.........              (no amulet)
HPRegen 0.18/turn               n - ring of ice
MPRegen 0.09/turn               (no ring)

@: lethally poisoned (-4 -> -35)
A: large, unfitting armour, tough skin 1
a: Renounce Religion, Berserk, Trog's Hand


You were on level 3 of the Dungeon.
You worshipped Trog.
Trog was pleased with you.
You visited 1 branch of the dungeon, and saw 5 of its levels.

You collected 127 gold pieces.

Inventory:

Hand Weapons
 a - a +0 spear (weapon)
Missiles
 m - 4 poisoned darts (quivered)
Armour
 b - a +0 animal skin (worn)
Jewellery
 n - a ring of ice (left hand)
Scrolls
 c - a scroll of vulnerability {unknown}
 e - a scroll of immolation {unknown}
 h - a scroll of identify {unknown}
 k - a scroll of enchant armour {unknown}
 l - a scroll of holy word {unknown}
 o - a scroll of silence {unknown}
Potions
 d - a potion of berserk rage {unknown}
 f - 3 potions of attraction {unknown}
 g - a potion of degeneration {unknown}
 j - 2 potions of curing {unknown}


   Skills:
 + Level 4.9 Fighting
 + Level 4.4 Polearms
 + Level 3.5 Dodging
 + Level 1.0 Stealth


You had 4 spell levels left.
You didn't know any spells.
Your spell library was empty.

Dungeon Overview and Level Annotations

Branches:
Dungeon (5/15)
 Temple: D:4-7

Altars:
Dithmenos
Uskayaw
Yredelemnul

Annotations:
D:4 Grinder, Robin


Innate Abilities, Weirdness & Mutations

You are too large for most types of armour.
You have tough skin. (AC +1)


Message History

The scorpion stings you but does no damage.
You hit the scorpion.
The scorpion is lightly wounded.
The scorpion stings you!
You barely miss the scorpion.
The scorpion is lightly wounded.
The scorpion stings you.
You are poisoned.
The scorpion poisons you!
You hit the scorpion.
The scorpion is moderately wounded.
You feel very sick. The scorpion stings you.
You barely miss the scorpion.
The scorpion is moderately wounded.
You feel sick. The scorpion stings you.
You hit the scorpion.
The scorpion is moderately wounded.
You feel sick. The scorpion stings you.
You are more poisoned.
The scorpion poisons you!
You barely miss the scorpion.
The scorpion is moderately wounded.
* * * LOW HITPOINT WARNING * * *
You feel very sick. The scorpion stings you.
* * * LOW HITPOINT WARNING * * *
You are more poisoned.
The scorpion poisons you! The scorpion barely misses you.
You hit the scorpion.
The scorpion is heavily wounded.
* * * LOW HITPOINT WARNING * * *
You feel very sick. The scorpion stings you.
* * * LOW HITPOINT WARNING * * *
You are more poisoned.
The scorpion poisons you!
You hit the scorpion.
The scorpion is heavily wounded.
You die...

##...##'# #'##.....#
#..###..#.((#)†###...#
#.##.#..#...#..#.##..#
#.†..#..#...#..#)†'..#
#.##.#..#...#..#.##..#
#####..###.†#..(#..###...#
#....'...####wlK####...#.#
#.####......##s##...)###.#
#.#..#....#...@....### #.######
#.#..#....########.# #.....).
#.#..'.....# #####.#########.##
###.##.#.....###................#
..#.##.#.###...#.#############..#
..'........'...+............>....
..#.##...###...#.........###.##..
..#......# #.###..........##.#...
..#####..# #.................#..>


You could see a scorpion, an iguana, a dart slug and a kobold.

Vanquished Creatures
  Jessica (D:3)
  6 adders (D:3)
  2 worms (D:3)
  3 dart slugs
  5 orcs
  2 bats
  6 giant cockroaches
  11 goblins
  2 hobgoblins (D:1)
  A jackal (D:5)
  3 quokkas
  3 ball pythons
  A frilled lizard (D:3)
  3 kobolds
  5 rats
54 creatures vanquished.

Notes
Turn   | Place    | Note
-------+----------+-------------------------------------------
     0 | D:1      | oblizorion1 the Ogre Berserker began the quest for the Orb.
     0 | D:1      | Reached XP level 1. HP: 24/24 MP: 1/1
    53 | D:1      | Reached XP level 2. HP: 29/33 MP: 2/2
   799 | D:2      | You fall into a shaft and drop 2 floors!
   799 | D:4      | Noticed Grinder
   857 | D:5      | Entered Level 5 of the Dungeon
   863 | D:5      | Reached XP level 3. HP: 19/40 MP: 3/3
  1088 | D:4      | Noticed Robin
  1394 | D:3      | Reached ** piety under Trog
  1496 | D:3      | Found a basalt altar of Yredelemnul.
  1497 | D:3      | Found a shadowy altar of Dithmenos.
  1626 | D:3      | Reached XP level 4. HP: 49/49 MP: 4/4
  2142 | D:3      | Found a faded altar of an unknown god.
  2217 | D:3      | Found a hide-covered altar of Uskayaw.
  2219 | D:3      | Noticed a +0 hand axe
  2219 | D:3      | Noticed a +0 dagger
  2345 | D:3      | Noticed Jessica
  2347 | D:3      | Killed Jessica
  2363 | D:3      | Reached skill level 1 in Stealth
  2363 | D:3      | Reached XP level 5. HP: 52/55 MP: 5/5
  2552 | D:3      | HP: 1/55 [scorpion (5)]
  2553 | D:3      | Succumbed to a scorpion's poison

Illustrated notes

Levels and vault maps discovered:
D:1:      minmay_arrival_cross, layout_loops_ring, minmay_fountain_box,
          minmay_misc_feat_square
D:2:      layout_basic
D:3:      layout_basic, nicolae_tso_swordbearing_angel, dancing_weapons_uskayaw,
          mainiacjoe_overflow_catwalk_spiral, basic_ecumenical_altar,
          minmay_divided_ellipse, uniq_jessica
D:4:      layout_rooms, evilmike_ruin_ashenzari, lemuel_coloured_pillars_altar,
          uniq_robin, uniq_grinder
D:5:      layout_loops_ring, marbit_many_paths, lemuel_doored_altar,
          minmay_temple_entry_waves, gammafunk_ghost_smash,
          chequers_serial_rivers_marsh, uniq_menkaure

Skill      XL: |  1  2  3  4 |
---------------+-------------+-----
Dodging        | 3 |  3.5
Polearms       | 4 |  4.4
Stealth        | 1 |  1.0
Fighting       | |  4.9

Action                   |  1- 3 |  4- 6 || total
-------------------------+-------+-------++-------
Melee: Spear             |   124 |    87 ||   211
       Punch             |       |     1 ||     1
Throw: Javelin           |       |     8 ||     8
Armor: Animal skin       |    45 |    10 ||    55
Dodge: Dodged            |    82 |    32 ||   114

Table legend: (Time is in decaauts)
 A = Elapsed time spent in this place.
 B = Non-inter-level travel time spent in this place.
 C = Inter-level travel time spent in this place.
 D = Time resting spent in this place.
 E = Time spent auto-exploring this place.
 F = Levels seen in this place.
 G = Mean time per level.
                   A        B        C        D        E       F      G
               +--------+--------+--------+--------+--------+-----+--------+
         Total |   2538 |   2480 |     58 |   1041 |    709 |   5 |  507.6 |
       Dungeon |   2538 |   2480 |     58 |   1041 |    709 |   5 |  507.6 |
               +--------+--------+--------+--------+--------+-----+--------+

Top non-repeatable levels by time:
     D:3: 1418 daAuts
     D:1: 796 daAuts
     D:5: 229 daAuts
     D:4: 94 daAuts
